 Dungeon Crawl Stone Soup version 0.17-a0-18-gc25b939 (webtiles) character file.

7149 Chiseanne the Fighter (level 10, 11/85 HPs)
             Began as a Demonspawn Warper on Mar 10, 2015.
             Was an Initiate of Gozag.
             Quit the game on level 1 of the Lair of Beasts.
             The game lasted 00:44:57 (15254 turns).

Chiseanne the Fighter (Demonspawn Warper)          Turns: 15254, Time: 00:44:57

Health: 11/85      AC: 13    Str: 26    XL:     10   Next: 86%
Magic:  32/32      EV: 12    Int: 14    God:    Gozag
Gold:   769        SH:  3    Dex: 14    Spells: 4 memorised, 12 levels left

rFire  . . .     SeeInvis .     w - +0 blowgun
rCold  . . .     Clarity  .     j - +4 ring mail {MR+}
rNeg   . . .     SustAb   .     n - +0 buckler
rPois  .         Gourm    .     (no helmet)
rElec  .         Spirit   .     y - +0 cloak
rCorr  .         Warding  .     x - +0 pair of gloves
rMut   .         Stasis   .     (no boots)
MR     +....                    (no amulet)
Stlth  ++........               (no ring)
                                D - ring "Akhliergh" {Contam MP+9 Str+7 Stlth+}

@: mighty, lethally poisoned (11 -> -21), somewhat resistant to hostile
enchantments, unstealthy
A: powered by pain 1, spiny 2
a: Potion Petition, Call Merchant, Bribe Branch, Renounce Religion


You were on level 1 of the Lair of Beasts.
You worshipped Gozag.
Gozag was noncommittal.
You were hungry.

You visited 3 branches of the dungeon, and saw 11 of its levels.

You collected 1530 gold pieces.
You spent 616 gold pieces at shops.
You paid 145 gold pieces to Gozag.

Inventory:

Hand weapons
 a - the +5 hammer of Lisem {venom, +Blink +Fly MR- SInv}
   (You found it on level 4 of the Dungeon)

   It poisons the flesh of those it strikes.
   It affects your resistance to hostile enchantments.
   It enhances your eyesight.
   It lets you fly.
   It lets you blink.
 s - a +1 whip of flaming
 w - a +0 blowgun (weapon)
 A - a +0 flail of protection
Missiles
 e - 16 tomahawks
 l - 5 poisoned needles (quivered)
 H - 4 javelins
Armour
 d - a +0 large shield
 j - a +4 ring mail of magic resistance (worn)
 n - a +0 buckler (worn)
 u - a +0 leather armour of fire resistance
 x - a +0 pair of gloves (worn)
 y - a +0 cloak (worn)
Jewellery
 D - the ring "Akhliergh" (left hand) {Contam MP+9 Str+7 Stlth+}
   (You bought it in a shop on level 6 of the Dungeon)

   [ring of stealth]

   It affects your strength (+7).
   It affects your magic capacity (+9).
   It causes magical contamination when unequipped.
   It makes you more stealthy.
Magical devices
 p - a wand of digging (17)
Scrolls
 o - 3 scrolls of immolation
 r - a scroll of recharging
 z - 2 scrolls of amnesia
 C - 2 scrolls of teleportation
 F - 2 scrolls of remove curse
Potions
 h - 3 potions of restore abilities
 k - a potion of haste
 I - a potion of berserk rage
Books
 c - a book of Spatial Translocations

   Spells                             Type                      Level
   a - Apportation                    Translocation                1
   b - Blink                          Translocation                2
   c - Shroud of Golubria             Charms/Translocation         2
   d - Portal Projectile              Translocation                3
   e - Teleport Other                 Translocation                3
   f - Passage of Golubria            Translocation                4
 t - a book of Fire

   Spells                             Type                      Level
   a - Ignite Poison                  Fire/Transmutation           5
   b - Fireball                       Conjuration/Fire             5
   c - Bolt of Fire                   Conjuration/Fire             6
   d - Delayed Fireball               Conjuration/Fire             7
   e - Ring of Flames                 Charms/Fire                  7
 G - a book of the Warp

   Spells                             Type                      Level
   a - Recall                         Summoning/Translocation      3
   b - Control Teleport               Charms/Translocation         4
   c - Force Lance                    Conjuration/Translocation    4
   d - Phase Shift                    Translocation                5
   e - Warp Weapon                    Charms/Translocation         5
   f - Gell's Gravitas                Hexes/Translocation          5
   g - Summon Forest                  Summoning/Translocation      5
Comestibles
 f - 13 fruits
 m - 6 meat rations
 v - a beef jerky


   Skills:
 * Level 10.0 Fighting
   Level 1.7 Axes
 - Level 0.8 Throwing
 * Level 9.2 Armour
 - Level 4.2 Dodging
 * Level 5.7 Spellcasting
 * Level 5.9 Translocations


You had 12 spell levels left.
You knew the following spells:

 Your Spells              Type           Power        Failure   Level  Hunger
a - Apportation           Tloc           ###.......   4%          1    None
b - Blink                 Tloc           N/A          8%          2    #......
c - Shroud of Golubria    Chrm/Tloc      ##........   21%         2    #......
d - Teleport Other        Tloc           ###.....     12%         3    ###....


Dungeon Overview and Level Annotations

Branches:
Dungeon (9/15)             Temple (1/1) D:6            Lair (1/8) D:9
    Orc: D:9-12

Altars:
Ashenzari
Cheibriados
Dithmenos
Elyvilon
Fedhas
Gozag
Kikubaaqudgha
Makhleb
Nemelex Xobeh
Okawaru
Qazlal
Ru
Sif Muna
Trog
Vehumet
Xom
Yredelemnul
Zin
The Shining One

Shops:
D:6 =}*

Annotations:
D:5 flinch's ghost, experienced MfGl
D:9 exclusion: 2 oklob saplings


Innate Abilities, Weirdness & Mutations

You sometimes gain a little power by taking damage.
You are mostly covered in sharp spines.


Message History

The killer bee goes berserk!
Read which item? (? for menu, Esc to quit)
Okay, then.
Drink which item? (? for menu, Esc to quit)
It was a potion of magic.
Magic courses through your body.
* * * LOW HITPOINT WARNING * * *
You feel very sick.
The killer bee is no longer distracted by gold.
The killer bee closely misses you.
The killer bee stings you but does no damage.
The killer bee stings you!
* * * LOW HITPOINT WARNING * * *
You focus on the pain.
You feel mightier all of a sudden.
The queen bee calls on the killer bee to defend it!
The killer bee goes berserk!
You hear an angry buzzing noise. x2
Evoke which item? (* to show all) (? for menu, Esc to quit)
Okay, then.
Are you sure you want to abandon this character and quit the game? (Confirm with "yes".)

##..# ####.. #.. #.. ..#
##### #.# ##.... #.##
#.+.#. #..# #..... ##.#
######.#.
%yy#y####..######..'...#.
.yyyyyyy@..........#.....
.y###P####..########.#.#.
#.## #...## #.# P.....
#.# ##.#.#. #.# #.....
P.# ###+#P #... ## #...
##.###. ####


You could see a queen bee and 10 killer bees.

Vanquished Creatures
  An unseen horror (D:9)
  Pikel (D:8)
  A wyvern (D:8)
  2 steam dragons (D:7)
  A hungry ghost (D:9)
  Edmund (D:9)
  2 water moccasins
  A sky beast (D:5)
  3 orc warriors
  A slave (D:8)
  A necrophage (D:9)
  2 ogres
  4 ice beasts
  3 phantoms
  3 centaurs
  Sigmund (D:5)
  A big kobold (D:8)
  Duvessa (D:4)
  6 giant frogs
  3 scorpions
  4 wights (D:8)
  12 killer bees
  6 electric eels (D:8)
  Dowan (D:4)
  A wasp zombie (D:7)
  3 iguanas
  6 orc priests
  7 crimson imps
  A giant frog skeleton (D:5)
  A jelly (D:7)
  Crazy Yiuf (D:4)
  8 hounds
  8 worker ants
  A centaur skeleton (D:5)
  8 orc wizards
  A killer bee zombie (D:5)
  A hound zombie (D:6)
  A hound skeleton (D:4)
  3 gnolls (D:8)
  16 adders
  2 shadow imps
  2 river rats (D:9)
  2 worms (D:3)
  4 adder zombies
  An adder skeleton (D:5)
  7 giant geckos
  An ooze (D:2)
  44 orcs
  A bat zombie (D:6)
  10 giant cockroaches
  7 goblins
  13 hobgoblins
  9 jackals
  5 quokkas
  10 ball pythons
  22 bats
  A giant gecko skeleton (D:5)
  4 giant newts
  A giant spore (D:9)
  A jackal zombie (D:6)
  14 kobolds
  A quokka zombie (D:7)
  10 rats
  14 ballistomycetes (D:9)
  2 fungi
  A plant (D:9)
318 creatures vanquished.

Vanquished Creatures (others)
  3 slaves (D:8)
  A giant spore (D:9)
  A plant (D:9)
5 creatures vanquished.

Grand Total: 323 creatures vanquished

Notes
Turn   | Place    | Note
--------------------------------------------------------------
     0 | D:1      | Chiseanne, the Demonspawn Warper, began the quest for the Orb.
     0 | D:1      | Reached XP level 1. HP: 16/16 MP: 3/3
   319 | D:1      | Reached skill level 3 in Translocations
   326 | D:1      | Gained mutation: You sometimes gain a little power by taking damage. [demonic ancestry]
   326 | D:1      | Reached XP level 2. HP: 19/22 MP: 4/4
  1356 | D:2      | Reached XP level 3. HP: 17/28 MP: 6/6
  2304 | D:3      | Gained mutation: You are partially covered in sharp spines. [demonic ancestry]
  2304 | D:3      | Reached XP level 4. HP: 34/34 MP: 7/7
  3055 | D:3      | Learned a level 2 spell: Blink
  3058 | D:3      | Learned a level 2 spell: Shroud of Golubria
  3253 | D:3      | HP: 1/34 [orc/short sword (6)]
  3262 | D:3      | Reached XP level 5. HP: 26/41 MP: 9/9
  4130 | D:4      | Noticed Duvessa
  4147 | D:4      | HP: 2/41 [Duvessa/short sword (1)]
  4149 | D:4      | Killed Duvessa
  4149 | D:4      | Reached skill level 4 in Dodging
  4218 | D:4      | Noticed Dowan
  4232 | D:4      | Killed Dowan
  4232 | D:4      | Reached XP level 6. HP: 12/48 MP: 11/11
  4977 | D:4      | Reached skill level 1 in Armour
  5139 | D:4      | Noticed Crazy Yiuf
  5157 | D:4      | Killed Crazy Yiuf
  5200 | D:4      | Got a transparent hammer
  5201 | D:4      | Identified the +5 hammer of Lisem {venom, +Blink +Fly MR- SInv} (You found it on level 4 of the Dungeon)
  5332 | D:5      | Entered Level 5 of the Dungeon
  5392 | D:5      | Learned a level 3 spell: Teleport Other
  5473 | D:5      | Reached XP level 7. HP: 55/55 MP: 14/14
  5513 | D:5      | Found a shattered altar of Ashenzari.
  5514 | D:5      | Found a basalt altar of Yredelemnul.
  5542 | D:5      | Found a glowing golden altar of the Shining One.
  5542 | D:5      | Found a deep blue altar of Sif Muna.
  5542 | D:5      | Found a sacrificial altar of Ru.
  5751 | D:5      | Found a bloodstained altar of Trog.
  5752 | D:5      | Found an ancient bone altar of Kikubaaqudgha.
  6130 | D:5      | Reached skill level 5 in Fighting
  6227 | D:5      | Reached XP level 8. HP: 57/64 MP: 17/17
  6240 | D:5      | Noticed flinch's ghost (experienced MfGl)
  6274 | D:6      | Found Uruufote's Jewellery Emporium.
  6276 | D:6      | Found a staircase to the Ecumenical Temple.
  6450 | D:5      | Reached skill level 6 in Fighting
  6539 | D:5      | Noticed Sigmund
  6549 | D:5      | Killed Sigmund
  6796 | Temple   | Entered the Ecumenical Temple
  6849 | Temple   | Became a worshipper of Gozag Ym Sagoz the Greedy
  7124 | D:6      | Found a snail-covered altar of Cheibriados.
  7231 | D:6      | Found Coikeanex's Gadget Shop.
  7843 | D:6      | Reached skill level 5 in Armour
  8364 | D:6      | Found Wiyh's General Store.
  8368 | D:6      | Bought a scroll of teleportation for 42 gold pieces
  8368 | D:6      | Bought a bread ration for 70 gold pieces
  8490 | D:7      | Found a blossoming altar of Fedhas.
  8813 | D:7      | Found a radiant altar of Vehumet.
  8863 | D:7      | Reached XP level 9. HP: 71/71 MP: 20/20
  8871 | D:7      | Reached skill level 7 in Fighting
  9637 | D:8      | Found a glowing silver altar of Zin.
  9637 | D:8      | Found a burning altar of Makhleb.
  9638 | D:8      | Noticed an Executioner
  9638 | D:8      | Noticed an angel
  9882 | D:6      | Bought the ring "Akhliergh" {Contam MP+9 Str+7 Stlth+} for 504 gold pieces
  9957 | D:8      | Noticed Pikel
  9973 | D:8      | Killed Pikel
  9973 | D:8      | Reached skill level 8 in Fighting
  9973 | D:8      | Reached skill level 5 in Translocations
 10305 | D:8      | Reached skill level 5 in Spellcasting
 10581 | D:8      | Gained mutation: You are mostly covered in sharp spines. [demonic ancestry]
 10581 | D:8      | Reached XP level 10. HP: 74/82 MP: 22/22
 11308 | D:8      | HP: 3/82 [orc warrior/halberd of venom (13)]
 11309 | D:8      | HP: 1/82 [poisoned by an orc warrior]
 12562 | D:8      | Found a sacrificial altar of Ru.
 12938 | D:8      | Reached skill level 9 in Fighting
 13551 | D:9      | Noticed Edmund
 13564 | D:9      | Killed Edmund
 13674 | D:9      | Noticed an unseen horror
 13690 | D:9      | Killed an unseen horror
 13697 | D:9      | Found a shadowy altar of Dithmenos.
 14136 | D:9      | Found a staircase to the Lair.
 14849 | D:9      | Found a blossoming altar of Fedhas.
 14914 | Lair:1   | Entered Level 1 of the Lair of Beasts
 15232 | Lair:1   | Reached skill level 10 in Fighting
 15254 | Lair:1   | Quit the game

Action                   |  1- 3 |  4- 6 |  7- 9 | 10-12 || total
-------------------------+-------+-------+-------+-------++-------
Melee: Hand axe          |   146 |   192 |       |       ||   338
       Hammer            |       |    20 |   362 |   401 ||   783
       Dagger            |       |     3 |       |       ||     3
       Quarterstaff      |       |     2 |    26 |       ||    28
 Fire: Blowgun           |       |    20 |    12 |    39 ||    71
Throw: Tomahawk          |       |       |     3 |    13 ||    16
 Cast: Apportation       |     2 |       |       |     1 ||     3
Evoke: Wand              |       |       |     2 |       ||     2
  Use: Scroll            |     4 |    10 |     7 |     7 ||    28
       Potion            |       |     3 |     2 |     4 ||     9
 Stab: Paralysed         |       |       |     3 |       ||     3
       Distracted        |       |       |     1 |     4 ||     5
  Eat: Chunk             |     4 |    11 |     1 |       ||    16
       Bread ration      |       |       |     3 |     2 ||     5
       Fruit             |       |       |     3 |    11 ||    14
